Workbook

Sheet Sheet1
A1: Dr. Lal PathLabs
A2: Amount in Rs Crore | G2: Estimate | H2: Projection | I2: Projection | J2: Projection | K2: Projection
A3: Date | B3: 43190 | C3: 43555 | D3: 43921 | E3: 44286 | F3: 44651 | G3: 45016 | H3: 45382 | I3: 45747 | J3: 46112 | K3: 46477 | M3: Tax Rate | N3: 0.25
A4: Sales | B4: 1024.01 | C4: 1164.85 | D4: 1273.4 | E4: 1490.47 | F4: 1872.7 | G4: 1769 | H4: =G4*(1+H5) -> 2034.35 | I4: =H4*(1+I5) -> 2339.5025 | J4: =I4*(1+J5) -> 2807.403 | K4: =J4*(1+K5) -> 3368.8836 | M4: Discount Rate | N4: 0.1
A5: Sale growth | B5: 0.16118022 | C5: =(C4-B4)/B4 -> 0.13753772 | D5: =(D4-C4)/C4 -> 0.093187964 | E5: =(E4-D4)/D4 -> 0.1704649 | F5: =(F4-E4)/E4 -> 0.25644931 | G5: =(G4-F4)/F4 -> -0.055374593 | H5: 0.15 | I5: 0.15 | J5: 0.2 | K5: 0.2 | M5: Perpetual Growth Rate | N5: 0.05
A7: EBITDA | B7: 287.63 | C7: 329.29 | D7: 385.4 | E7: 458.65 | F7: 563.2 | G7: 705 | H7: =H4*H8 -> 610.305 | I7: =I4*I8 -> 701.85075 | J7: =J4*J8 -> 842.2209 | K7: =K4*K8 -> 1010.6651 | M7: No of shares outstanding | N7: 82888540
A8: EBITDA margin | B8: =B7/B4 -> 0.28088593 | C8: =C7/C4 -> 0.28268876 | D8: =D7/D4 -> 0.30265431 | E8: =E7/E4 -> 0.30772173 | F8: =F7/F4 -> 0.30074224 | G8: =G7/G4 -> 0.39853024 | H8: 0.3 | I8: 0.3 | J8: 0.3 | K8: 0.3
A10: Depreciation | B10: 31.05 | C10: 36.18 | D10: 68 | E10: 69.78 | F10: 75.3 | G10: 82 | H10: =H15*0.2 -> 73.3 | I10: =I15*0.2 -> 73.3 | J10: =J15*0.2 -> 73.3 | K10: =K15*0.2 -> 73.3
A11: Interest Expense | B11: 0.82 | C11: 0.74 | D11: 14.7 | E11: 14.83 | F11: 28.5 | G11: 34 | H11: =G11 -> 34 | I11: =H11 -> 34 | J11: =I11 -> 34 | K11: =J11 -> 34 | M11: Assumptions
M12: Sales growth | N12: 15% for FY 24 and FY 25; 20% for FY 26 and FY 27
A13: WC | B13: =Sheet2!C7 -> 4.41 | C13: =Sheet2!D7 -> 3.74 | D13: =Sheet2!E7 -> -7.4 | E13: =Sheet2!F7 -> -33.09 | F13: =Sheet2!G7 -> -16.8 | G13: =Sheet2!H7 -> -53.6 | H13: =G13*(1+H5) -> -61.64 | I13: =H13*(1+I5) -> -70.886 | J13: =I13*(1+J5) -> -85.0632 | K13: =J13*(1+K5) -> -102.07584 | M13: EBIDTA Margin | N13: 0.3
A14: Increase in WC | B14: -2.37 | C14: =C13-B13 -> -0.67 | D14: =D13-C13 -> -11.14 | E14: =E13-D13 -> -25.69 | F14: =F13-E13 -> 16.29 | G14: =G13-F13 -> -36.8 | H14: =H13-G13 -> -8.04 | I14: =I13-H13 -> -9.246 | J14: =J13-I13 -> -14.1772 | K14: =K13-J13 -> -17.01264 | M14: Depreciation | N14: 20% of FA
A15: Fixed Assets | B15: 181.9 | C15: 175.82 | D15: 307.94 | E15: 309.06 | F15: 384.5 | G15: 366.5 | H15: =G15 -> 366.5 | I15: =H15 -> 366.5 | J15: =I15 -> 366.5 | K15: =J15 -> 366.5 | M15: WC in proportion to sales growth
A16: Capex | B16: 74.76 | C16: =(C15-B15)+C10 -> 30.1 | D16: =(D15-C15)+D10 -> 200.12 | E16: =(E15-D15)+E10 -> 70.9 | F16: =(F15-E15)+F10 -> 150.74 | G16: =(G15-F15)+G10 -> 64 | H16: =(H15-G15)+H10 -> 73.3 | I16: =(I15-H15)+I10 -> 73.3 | J16: =(J15-I15)+J10 -> 73.3 | K16: =(K15-J15)+K10 -> 73.3 | M16: No major capex;amount equal to depreciation
M17: Interest expense constant
A18: Free Cash Flows
A19: EBIT | B19: =B7-B10 -> 256.58 | C19: =C7-C10 -> 293.11 | D19: =D7-D10 -> 317.4 | E19: =E7-E10 -> 388.87 | F19: =F7-F10 -> 487.9 | G19: =G7-G10 -> 623 | H19: =H7-H10 -> 537.005 | I19: =I7-I10 -> 628.55075 | ... K19: =K7-K10 -> 937.36508
A20: EBIT *(1-Tax) | B20: =B19*(1-$N$3) -> 192.435 | C20: =C19*(1-$N$3) -> 219.8325 | D20: =D19*(1-$N$3) -> 238.05 | E20: =E19*(1-$N$3) -> 291.6525 | F20: =F19*(1-$N$3) -> 365.925 | G20: =G19*(1-$N$3) -> 467.25 | H20: =H19*(1-$N$3) -> 402.75375 | I20: =I19*(1-$N$3) -> 471.41306 | ... K20: =K19*(1-$N$3) -> 703.02381
A21: Free Cash Flows | B21: =B20+B10-B14-B16 -> 151.095 | C21: =C20+C10-C14-C16 -> 226.5825 | D21: =D20+D10-D14-D16 -> 117.07 | E21: =E20+E10-E14-E16 -> 316.2225 | F21: =F20+F10-F14-F16 -> 274.195 | G21: =G20+G10-G14-G16 -> 522.05 | H21: =H20+H10-H14-H16 -> 410.79375 | I21: =I20+I10-I14-I16 -> 480.65906 | ... K21: =K20+K10-K14-K16 -> 720.03645
A22: Terminal value | K22: =K21*(1+N5)/(N4-N5) -> 15120.765
A23: FCFF to be discounted | H23: =H21 -> 410.79375 | I23: =I21 -> 480.65906 | J23: =J21 -> 590.86787 | K23: =K21+K22 -> 15840.802
A25: Enterprise Value | B25: =NPV(N4,H23:K23) -> 12034.096
A26: Plus Cash | B26: 534.2
A27: Less Debt | B27: -83.3
A28: Equity Value | B28: =B25+B26+B27 -> 12484.996
A29: Equity Value per share | B29: =(B28*10000000)/N7 -> 1506.2391
A34: Source: Moneycontrol

Sheet Sheet2
B3: 42825 | C3: 43190 | D3: 43555 | E3: 43921 | F3: 44286 | G3: 44651 | H3: 45016
A4: Inventory | B4: 17.14 | C4: 26.65 | D4: 27.81 | E4: 55 | F4: 38.94 | G4: 39.8 | H4: 23.3
A5: Debtors | B5: 40.26 | C5: 40.18 | D5: 53.1 | E5: 50.3 | F5: 63.54 | G5: 66.7 | H5: 63.3
A6: Creditors | B6: 50.62 | C6: 62.42 | D6: 77.17 | E6: 112.7 | F6: 135.57 | G6: 123.3 | H6: 140.2
A7: WC | B7: =B4+B5-B6 -> 6.78 | C7: =C4+C5-C6 -> 4.41 | D7: =D4+D5-D6 -> 3.74 | E7: =E4+E5-E6 -> -7.4 | F7: =F4+F5-F6 -> -33.09 | G7: =G4+G5-G6 -> -16.8 | H7: =H4+H5-H6 -> -53.6
A8: Increase in WC | B8: -1.58 | C8: =C7-B7 -> -2.37 | D8: =D7-C7 -> -0.67 | E8: =E7-D7 -> -11.14 | F8: =F7-E7 -> -25.69 | G8: =G7-F7 -> 16.29 | H8: =H7-G7 -> -36.8
